PBL
ATLANTA BRAVES @ PITTSBURGH PIRATES
03/24/2071
 
TOP OF THE 1ST
Atlanta Braves batting - Pitching for Pittsburgh Pirates : RHP Alden Mendoza
Pitching: RHP Alden Mendoza
Batting: LHB Rafael Galló 0-0: Called Strike
0-1: Ball
1-1: Foul Ball, location: 9LMFF
1-2: Ground out 3-1 (Groundball, 34, EV 101.3 MPH)
Batting: RHB Tomás Mota 0-0: Ball
1-0: Ball
2-0: Ball
3-0: Base on Balls
Batting: SHB Michael Davidson 0-0: Called Strike
0-1: Swinging Strike
0-2: Foul Ball, location: 2F
0-2: Strikes out swinging
Batting: LHB Eric Kilbridge 0-0: Ball
1-0: Called Strike
1-1: Ground out U3 (Groundball, 3L, EV 90.6 MPH)
Top of the 1st over - 0 runs, 0 hits, 0 errors, 1 left on base; Atlanta 0 - Pittsburgh 0
BOTTOM OF THE 1ST
Pittsburgh Pirates batting - Pitching for Atlanta Braves : LHP Eddie Huggins
Pitching: LHP Eddie Huggins
Batting: LHB Kirila Naretha 0-0: Foul Ball, location: 2LF
0-1: SOLO HOME RUN (Line Drive, 7D, EV 109.4 MPH), Distance : 399 ft
Batting: LHB Lúcio Rivera 0-0: Called Strike
0-1: Fly out, F5 (Popup, 5S, EV 83.1 MPH)
Batting: RHB Spencer Knight 0-0: Ball
1-0: Ball
2-0: Swinging Strike
2-1: Ball
3-1: Foul Ball, location: 25F
3-2: Foul Ball, location: 2F
3-2: Foul Ball, location: 5F
3-2: Foul Ball, location: 2F
3-2: Ground out 6-3 (Groundball, 6M, EV 105.6 MPH)
Batting: LHB Greg Meyer 0-0: Ball
1-0: Called Strike
1-1: Ball
2-1: Called Strike
2-2: Strikes out looking
Bottom of the 1st over - 1 run, 1 hit, 0 errors, 0 left on base; Atlanta 0 - Pittsburgh 1
TOP OF THE 2ND
Atlanta Braves batting - Pitching for Pittsburgh Pirates : RHP Alden Mendoza
Batting: LHB Paul Graham 0-0: Ball
1-0: Ball
2-0: Foul Ball, location: 23F
2-1: Ball
3-1: Base on Balls
Batting: RHB Ray Boyer 0-0: Ball
1-0: Ball
2-0: Ball
3-0: Called Strike
3-1: SINGLE (Flyball, 4MD, EV 94.4 MPH)
Paul Graham to second
Batting: SHB Mauro Alfaro 0-0: Ball
1-0: Called Strike
1-1: Ball
2-1: Foul Ball, location: 2F
2-2: Ball
3-2: Base on Balls
Paul Graham to third
Ray Boyer to second
Batting: RHB Sergio Fornaris 0-0: Foul Ball, location: 2F
0-1: Fly out, F8 (Line Drive, 8RS, EV 93.1 MPH)
Lined into DP, 8-6 (Line Drive, 8RS, EV 93.1 MPH)
Batting: RHB Chris Green 0-0: Swinging Strike
0-1: Swinging Strike
0-2: Ball
1-2: Ball
2-2: Ball
3-2: Strikes out swinging
Top of the 2nd over - 0 runs, 1 hit, 0 errors, 2 left on base; Atlanta 0 - Pittsburgh 1
BOTTOM OF THE 2ND
Pittsburgh Pirates batting - Pitching for Atlanta Braves : LHP Eddie Huggins
Batting: RHB George Alexander 0-0: Ball
1-0: Ball
2-0: Ball
3-0: Base on Balls
Pitching: RHP Randolph Merlán
Batting: RHB Jorge Medina 0-0: Called Strike
0-1: Swinging Strike
0-2: Strikes out swinging
Batting: LHB John Fulton 0-0: Ball
George Alexander steals 2nd base
1-0: Called Strike
1-1: Fly out, F7 (Flyball, 7D, EV 103.1 MPH)
Batting: LHB Paul O'Brien 0-0: Ball
1-0: Swinging Strike
1-1: Ground out U3 (Groundball, 34, EV 108.1 MPH)
Bottom of the 2nd over - 0 runs, 0 hits, 0 errors, 1 left on base; Atlanta 0 - Pittsburgh 1
TOP OF THE 3RD
Atlanta Braves batting - Pitching for Pittsburgh Pirates : RHP Alden Mendoza
Batting: LHB Rafael Galló 0-0: Ball
1-0: Ball
2-0: Foul Ball, location: 7LSF
2-1: Ball
3-1: Base on Balls
Batting: RHB Tomás Mota 0-0: Called Strike
0-1: Ball
Rafael Galló steals 2nd base
1-1: Ball
2-1: Ball
3-1: Foul Ball, location: 2F
3-2: SINGLE (Line Drive, 89S, EV 96.3 MPH)
Rafael Galló to third
Batting: SHB Michael Davidson 0-0: Called Strike
0-1: Foul Ball, location: 7LMF
0-2: Fly out, F9 (Line Drive, 9LM, EV 93.1 MPH)
Runner from 3rd tags up, SCORES, no throw by RF
Batting: LHB Eric Kilbridge 0-0: Ball
1-0: Foul Ball, location: 5F
1-1: Swinging Strike
1-2: Foul Ball, location: 9LSF
1-2: Strikes out swinging
Batting: LHB Paul Graham 0-0: Called Strike
0-1: Ball
Tomás Mota steals 2nd base
1-1: Ball
2-1: Swinging Strike
2-2: Foul Ball, location: 2F
2-2: Ball
3-2: Strikes out swinging
Top of the 3rd over - 1 run, 1 hit, 0 errors, 1 left on base; Atlanta 1 - Pittsburgh 1
BOTTOM OF THE 3RD
Pittsburgh Pirates batting - Pitching for Atlanta Braves : RHP Randolph Merlán
Batting: RHB Henry Gibson 0-0: Ball
1-0: Swinging Strike
1-1: Foul Ball, location: 9LMF
1-2: Strikes out swinging
Batting: LHB Kirila Naretha 0-0: Called Strike
0-1: Ball
1-1: Ball
2-1: Ball
3-1: Called Strike
3-2: Base on Balls
Pitching: RHP Ramón Cantú
Batting: LHB Lúcio Rivera 0-0: Swinging Strike
0-1: Ball
1-1: Swinging Strike
1-2: Ball
2-2: Foul Ball, location: 2F
2-2: Foul Ball, location: 7LDF
2-2: Strikes out swinging
Batting: RHB Spencer Knight 0-0: Ball
1-0: Foul Ball, location: 2F
1-1: SINGLE (Groundball, P, EV 88.8 MPH) (infield hit)
Kirila Naretha to second
Batting: LHB Greg Meyer 0-0: Ball
1-0: Ball
2-0: DOUBLE (Line Drive, 89M, EV 100.6 MPH)
Kirila Naretha scores
Spencer Knight to third
Batting: RHB George Alexander 0-0: Called Strike
0-1: Foul Ball, location: 9LMF
0-2: Foul Ball, location: 2F
0-2: Strikes out swinging
Bottom of the 3rd over - 1 run, 2 hits, 0 errors, 2 left on base; Atlanta 1 - Pittsburgh 2
TOP OF THE 4TH
Atlanta Braves batting - Pitching for Pittsburgh Pirates : RHP Alden Mendoza
Batting: RHB Ray Boyer 0-0: Called Strike
0-1: Ball
1-1: Ball
2-1: Called Strike
2-2: Fly out, F9 (Flyball, 9, EV 90.6 MPH)
Batting: SHB Mauro Alfaro 0-0: Ball
1-0: Ball
2-0: Called Strike
2-1: Called Strike
2-2: Ball
3-2: Base on Balls
Pitching: RHP César Matos
Batting: RHB Sergio Fornaris 0-0: Foul Ball, location: 3DF
0-1: Ball
1-1: Ball
2-1: Foul Ball, location: 2F
2-2: Hit by Pitch
Mauro Alfaro to second
Batting: RHB Chris Green 0-0: Foul Ball, location: 2F
0-1: Swinging Strike
0-2: Strikes out swinging
Batting: LHB Rafael Galló 0-0: Fly out, F8 (Flyball, 8RM, EV 91.9 MPH)
Top of the 4th over - 0 runs, 0 hits, 0 errors, 2 left on base; Atlanta 1 - Pittsburgh 2
BOTTOM OF THE 4TH
Pittsburgh Pirates batting - Pitching for Atlanta Braves : RHP Ramón Cantú
Batting: RHB Jorge Medina 0-0: Called Strike
0-1: Fly out, F9 (Flyball, 9, EV 91.9 MPH)
Pitching: LHP Félix Vélez
Batting: LHB John Fulton 0-0: Ball
1-0: Swinging Strike
1-1: Ball
2-1: Called Strike
2-2: Strikes out swinging
Batting: LHB Paul O'Brien 0-0: DOUBLE (Line Drive, 7LS, EV 95.6 MPH)
Batting: RHB Henry Gibson 0-0: Ball
1-0: Ball
2-0: Ball
3-0: Base on Balls
Batting: LHB Kirila Naretha 0-0: Called Strike
0-1: Ball
1-1: Called Strike
1-2: Foul Ball, location: 7LMF
1-2: Foul Ball, location: 2F
1-2: Foul Ball, location: 23F
1-2: Ball
2-2: Strikes out looking
Bottom of the 4th over - 0 runs, 1 hit, 0 errors, 2 left on base; Atlanta 1 - Pittsburgh 2
TOP OF THE 5TH
Atlanta Braves batting - Pitching for Pittsburgh Pirates : RHP César Matos
Now at 3B: António Martínez
Now in CF: José Páez
Pinch Hitting: RHB Jorge Nieto 0-0: Ball
1-0: Ball
2-0: SOLO HOME RUN (Flyball, 89XD, EV 107.5 MPH), Distance : 441 ft
Batting: SHB Michael Davidson 0-0: Swinging Strike
0-1: Ball
1-1: Called Strike
1-2: Foul Ball, location: 7LMF
1-2: Fly out, F6 (Popup, 6M, EV 72.5 MPH)
Pinch Hitting: LHB Justin Murdock 0-0: Ball
1-0: Called Strike
1-1: Foul Ball, location: 3F
1-2: Foul Ball, location: 7LSF
1-2: Strikes out swinging
Batting: LHB Paul Graham 0-0: Swinging Strike
0-1: Called Strike
0-2: Ball
1-2: Ball
2-2: Fly out, F7 (Line Drive, 78M, EV 90.6 MPH)
Top of the 5th over - 1 run, 1 hit, 0 errors, 0 left on base; Atlanta 2 - Pittsburgh 2
BOTTOM OF THE 5TH
Pittsburgh Pirates batting - Pitching for Atlanta Braves : LHP Félix Vélez
Pitching: RHP John Woodard
Now at 1B: Justin Murdock
Now at 3B: Jorge Nieto
Now at SS: Ray Boyer
Now in RF: Ramón Salinas
Batting: RHB António Martínez 0-0: Called Strike
0-1: Swinging Strike
0-2: Ball
1-2: Ball
2-2: Fly out, F8 (Flyball, 8RS, EV 90.6 MPH)
Pinch Hitting: SHB Juan Baca 0-0: Called Strike
0-1: Foul Ball, location: 2F
0-2: Foul Ball, location: 7LSF
0-2: Ball
1-2: Ball
2-2: Fly out, F9 (Flyball, 9, EV 98.1 MPH)
Batting: SHB Jerry Gates 0-0: Swinging Strike
0-1: Ball
1-1: Fly out, F6 (Popup, P, EV 77.5 MPH)
Bottom of the 5th over - 0 runs, 0 hits, 0 errors, 0 left on base; Atlanta 2 - Pittsburgh 2
TOP OF THE 6TH
Atlanta Braves batting - Pitching for Pittsburgh Pirates : RHP César Matos
Now at 2B: Juan Baca
Pinch Hitting: RHB Bernardo Gallegos 0-0: Ball
1-0: Ground out 5-3 (Groundball, 56S, EV 76.9 MPH)
Batting: SHB Mauro Alfaro 0-0: Ball
1-0: Ball
2-0: Foul Ball, location: 2F
2-1: Fly out, F3 (Popup, 23F, EV 84.4 MPH)
Pinch Hitting: RHB David Miller 0-0: Ball
1-0: Foul Ball, location: 3DF
1-1: Foul Ball, location: 2F
1-2: Ball
2-2: Strikes out looking
Top of the 6th over - 0 runs, 0 hits, 0 errors, 0 left on base; Atlanta 2 - Pittsburgh 2
BOTTOM OF THE 6TH
Pittsburgh Pirates batting - Pitching for Atlanta Braves : RHP John Woodard
Pitching: RHP Bu-wei Shang
Now at 2B: David Miller
Now at SS: Bernardo Gallegos
Now in LF: Murai Kimura
Batting: LHB José Páez 0-0: Ball
1-0: Fly out, F9 (Flyball, 9D, EV 105.0 MPH)
Batting: RHB Jorge Medina 0-0: Ball
1-0: Ball
2-0: Ball
3-0: Called Strike
3-1: SINGLE (Groundball, 56D, EV 97.5 MPH)
Pinch Hitting: RHB Zong-yuan Yue 0-0: Fly out, F4 (Popup, 4, EV 66.3 MPH)
Batting: LHB Paul O'Brien 0-0: Ball
1-0: Ground out 5-3 (Groundball, 56S, EV 86.3 MPH)
Bottom of the 6th over - 0 runs, 1 hit, 0 errors, 1 left on base; Atlanta 2 - Pittsburgh 2
TOP OF THE 7TH
Atlanta Braves batting - Pitching for Pittsburgh Pirates : RHP César Matos
Pitching: RHP Curt Williams
Now at 1B: Paul O'Brien
Now in LF: Zong-yuan Yue
Now in RF: Kirila Naretha
Pinch Hitting: RHB Tyrone Evans 0-0: Ball
1-0: Ball
2-0: Swinging Strike
2-1: Ground out 6-3 (Groundball, 6M, EV 101.9 MPH)
Batting: SHB Ramón Salinas 0-0: Ball
1-0: Ball
2-0: Called Strike
2-1: Swinging Strike
2-2: Strikes out looking
Pinch Hitting: LHB Dan de l 0-0: Called Strike
0-1: Swinging Strike
0-2: Strikes out swinging
Top of the 7th over - 0 runs, 0 hits, 0 errors, 0 left on base; Atlanta 2 - Pittsburgh 2
BOTTOM OF THE 7TH
Pittsburgh Pirates batting - Pitching for Atlanta Braves : RHP Bu-wei Shang
Now at 3B: Dave Lester
Now in CF: Tyrone Evans
Pinch Hitting: RHB John Simpson 0-0: Foul Ball, location: 25F
0-1: Foul Ball, location: 9LMF
0-2: Foul Ball, location: 2F
0-2: Ball
1-2: Ball
2-2: Fly out, F9 (Flyball, 9LD, EV 106.9 MPH)
Pitching: LHP Ramiro Romano
Batting: LHB Kirila Naretha 0-0: Ball
1-0: Fly out, F8 (Flyball, 8LD, EV 89.4 MPH)
Batting: RHB António Martínez 0-0: Foul Ball, location: 3F
0-1: Foul Ball, location: 9LMF
0-2: Ball
1-2: Ball
2-2: Ball
3-2: Strikes out looking
Bottom of the 7th over - 0 runs, 0 hits, 0 errors, 0 left on base; Atlanta 2 - Pittsburgh 2
TOP OF THE 8TH
Atlanta Braves batting - Pitching for Pittsburgh Pirates : RHP Curt Williams
Pitching: LHP César Pérez
Now at SS: John Simpson
Batting: RHB Vince Gielens 0-0: Called Strike
0-1: Ball
1-1: Ball
2-1: Foul Ball, location: 3FF
2-2: Ball
3-2: Fly out, F7 (Flyball, 78M, EV 77.5 MPH)
Pinch Hitting: RHB Allan Jones 0-0: Called Strike
0-1: Fly out, F5 (Line Drive, 6, EV 74.4 MPH)
Batting: RHB Murai Kimura 0-0: Ball
1-0: Called Strike
1-1: Foul Ball, location: 9LDF
1-2: Ball
2-2: Hit by Pitch
Batting: RHB Bernardo Gallegos 0-0: Swinging Strike
0-1: Ball
1-1: Swinging Strike
1-2: Foul Ball, location: 2F
1-2: Strikes out swinging
Top of the 8th over - 0 runs, 0 hits, 0 errors, 1 left on base; Atlanta 2 - Pittsburgh 2
BOTTOM OF THE 8TH
Pittsburgh Pirates batting - Pitching for Atlanta Braves : LHP Ramiro Romano
Now at 1B: Allan Jones
Batting: SHB Juan Baca 0-0: Called Strike
0-1: Foul Ball, location: 2LF
0-2: Ball
1-2: DOUBLE (Flyball, 8LXD, EV 110.0 MPH)
Batting: SHB Jerry Gates 0-0: Foul Ball, location: 7LSF
0-1: Foul Ball, location: 2F
0-2: Strikes out swinging
Batting: LHB José Páez 0-0: Ball
1-0: Fly out, F7 (Flyball, 7, EV 96.9 MPH)
Pitching: LHP Tomás Macías
Pinch Hitting: RHB Barney Sweeney 0-0: Ball
1-0: Ball
2-0: Foul Ball, location: 3F
2-1: SINGLE (Line Drive, 6D, EV 95.0 MPH)
Juan Baca to third
Runner from 3rd tries for Home, SAFE, throw by CF to home
Batting: RHB Zong-yuan Yue 0-0: Ball
1-0: Ball
2-0: Ball
3-0: Foul Ball, location: 2F
3-1: Swinging Strike
3-2: Base on Balls
Barney Sweeney to second
Pinch Hitting: RHB Luis Cervantes 0-0: Ball
1-0: Ball
2-0: Ball
3-0: Called Strike
3-1: Swinging Strike
3-2: Foul Ball, location: 2F
3-2: Strikes out swinging
Bottom of the 8th over - 1 run, 2 hits, 0 errors, 2 left on base; Atlanta 2 - Pittsburgh 3
TOP OF THE 9TH
Atlanta Braves batting - Pitching for Pittsburgh Pirates : LHP César Pérez
Pitching: RHP Steve Todd
Now at C: Santiago Pérez
Now at 1B: António Martínez
Now at 3B: Luis Cervantes
Pinch Hitting: RHB Ronald Baldwin 0-0: Foul Ball, location: 9LSF
0-1: Ball
1-1: Foul Ball, location: 9LMF
1-2: Strikes out swinging
Batting: RHB David Miller 0-0: Fly out, F8 (Line Drive, 8RM, EV 100.0 MPH)
Batting: RHB Tyrone Evans 0-0: Ball
1-0: Ball
2-0: Called Strike
2-1: Ball
3-1: Called Strike
3-2: Ground out 4-3 (Groundball, 4M, EV 88.8 MPH)
Top of the 9th over - 0 runs, 0 hits, 0 errors, 0 left on base; Atlanta 2 - Pittsburgh 3
Wednesday, April 3rd , 2024 - OOTP Baseball 24.10 Build 82